 Dungeon Crawl Stone Soup version 0.18-a0-102-gb1241f3 (webtiles) character file.

88 Proton the Skirmisher (level 4, -1/42 HPs)
             Began as a Naga Fighter on Nov 15, 2015.
             Slain by a goblin
             ... wielding a +0 club
             ... led by Robin
              (2 damage)
             ... on level 3 of the Dungeon.
             The game lasted 00:04:05 (2214 turns).

Proton the Skirmisher (Naga Fighter)                Turns: 2214, Time: 00:04:05

Health: -1/42      AC:  5    Str: 19    XL:     4   Next: 53%
Magic:  4/4        EV:  5    Int:  8    God:
Gold:   58         SH:  8    Dex: 11    Spells: 0 memorised, 3 levels left

rFire  . . .     SeeInvis +     a - +0 long sword
rCold  . . .     Clarity  .     b - +0 scale mail
rNeg   . . .     SustAt   .     c - +0 shield
rPois  +         Gourm    .     (no helmet)
rElec  .         Spirit   .     (no cloak)
rCorr  .         Warding  .     (no gloves)
rMut   .         Stasis   .     (no barding)
MR     .....                    (no amulet)
Stlth  +.........               (no ring)
                                (no ring)

@: lethally poisoned (-1 -> -2), very slow, not resistant to hostile
enchantments, very unstealthy
A: see invisible, deformed body, poison resistance, slowness 2, slow metabolism
1, spit poison 2, AC +1
a: Spit Poison


You were on level 3 of the Dungeon.
You were not hungry.

You visited 1 branch of the dungeon, and saw 3 of its levels.

You collected 58 gold pieces.

Inventory:

Hand Weapons
 a - a +0 long sword (weapon)
Armour
 b - a +0 scale mail (worn)
 c - a +0 shield (worn)
Scrolls
 g - a scroll of teleportation {unknown}
 h - 3 scrolls of enchant weapon {unknown}
 i - 4 scrolls of identify
 j - a scroll of random uselessness {unknown}
Potions
 d - 2 potions of might
 k - a potion of brilliance {unknown}
 l - a potion of ambrosia {unknown}
 m - a potion of heal wounds {unknown}
 o - a potion of flight
Comestibles
 e - 4 bread rations
 f - 2 fruits
 n - 2 beef jerkies
 p - a meat ration


   Skills:
 + Level 3.4 Fighting
 + Level 2.8 Long Blades
 + Level 3.0 Armour
 + Level 0.7 Dodging
 + Level 2.1 Stealth
 + Level 2.6 Shields


You had 3 spell levels left.
You didn't know any spells.

Dungeon Overview and Level Annotations

Branches:
Dungeon (3/15)

Altars:

Annotations:
D:3 Robin


Innate Abilities, Weirdness & Mutations

You cannot wear boots.
Your serpentine skin is tough (AC +1).
You have supernaturally acute eyesight.
Armour fits poorly on your strangely shaped body.
Your system is resistant to poisons.
You cover ground very slowly.
You have a slow metabolism.
You can spit poison.


Message History

o - a potion of flight The giant newt bites you but does no damage.
Robin roars a battlecry!
The goblin goes into a battle-frenzy!
You closely miss the giant newt. The giant newt barely misses you.
The giant newt bites you but does no damage.
You closely miss the giant newt. Robin throws the goblin at you!
* * * LOW HITPOINT WARNING * * *
The giant newt bites you but does no damage.
You closely miss the giant newt.
You feel sick. You block the goblin's attack.
The giant newt bites you but does no damage.
You hit the goblin.
The goblin is moderately wounded.
You block the giant newt's attack. The goblin hits you with a club.
* * * LOW HITPOINT WARNING * * *
The giant newt barely misses you.
You hit the goblin.
The goblin is severely wounded.
The goblin hits you with a club.
You die...

#.......#
#.....g.#
#.......#####
...........g######
....#......g'.<#.#
... #......g##gg.#
. #........#g#.#
..........#l#.#
...####....g@#.#
.... #....###..
... #....# ##
#....# #....# #


You could see Robin, 3 goblins and a giant newt.

Vanquished Creatures
  2 adders
  3 worms
  A giant gecko (D:1)
  2 bats
  5 giant cockroaches
  4 hobgoblins
  6 jackals
  10 kobolds
  4 giant newts (D:1)
  11 goblins
  A quokka (D:2)
  6 rats
55 creatures vanquished.

Notes
Turn   | Place    | Note
--------------------------------------------------------------
     0 | D:1      | Proton the Naga Fighter began the quest for the Orb.
     0 | D:1      | Reached XP level 1. HP: 21/21 MP: 1/1
   112 | D:1      | Reached XP level 2. HP: 26/28 MP: 2/2
   493 | D:1      | Reached skill level 1 in Stealth
   615 | D:1      | Reached XP level 3. HP: 4/34 MP: 3/3
  1599 | D:2      | Reached XP level 4. HP: 28/42 MP: 4/4
  2173 | D:3      | Noticed Robin
  2213 | D:3      | HP: 1/42 [goblin/club[Robin] (3)]
  2214 | D:3      | Slain by a goblin

Vault maps used:
D:1:      evilmike_arrival_run_for_it
D:2:      first_bread
D:3:      lemuel_crystal_altar, uniq_robin

Action                   |  1- 3 |  4- 6 || total
-------------------------+-------+-------++-------
Melee: Long sword        |   152 |    50 ||   202
 Abil: Spit Poison       |     1 |       ||     1
  Use: Scroll            |       |     1 ||     1
  Eat: Meat ration       |     1 |       ||     1
